 Dungeon Sprint DCSS version 0.30-a0-953-g5f1da4a474 (webtiles) character file.

Game seed: 16211678625171515833

234 BigDaddyOpFi the Protected (level 10, -5/99 HPs)
             Began as an Armataur Berserker on Mar 28, 2023.
             Was a High Priest of Trog.
             Shot with an arrow by Nessos (7 damage)
             ... in the Dungeon (Sprint VI: "Thunderdome").
             The game lasted 00:03:36 (879 turns).

BigDaddyOpFi the Protected (Armataur Berserker)      Turns: 879, Time: 00:03:36

Health: -5/99      AC:  5    Str: 26 (28) XL:     10   Next: 31%
Magic:  9/9        EV: 10    Int:  8 (10) God:    Trog [*****.]
Gold:   330        SH:  0    Dex:  5      Spells: 9/9 levels left

rFire   . . .      SeeInvis +    a - +0 falchion (chaos)
rCold   + . .      Faith    .    (no shield)
rNeg    . . .      Spirit   .    b - +0 animal skin
rPois   +          Reflect  .    (no helmet)
rElec   +          Roll     +    (no cloak)
rCorr   +          NoTele   +    (no gloves)
Will    .....      Rage     3%   (no barding)
Stlth   +                        m - amulet "Daif" {Regen+ Str+2 SInv}
HPRegen 1.16/turn                c - ring of the Princess {rPois rCorr Int+5 Dex-2 Slay+6}
MPRegen 0.11/turn                n - ring "Isheen" {rElec rC+}

@: lethally poisoned (-5 -> -6), on berserk cooldown, hasted and slowed
A: large, rugged brown scales 3, deformed body, armoured tail, roll, long
tongue, awkward tongue, berserk 1, clumsy 1, deterioration 1, dopey 1, low MP 1,
weak 1
}: 1/15 runes: decaying
a: Renounce Religion, Berserk, Trog's Hand, Brothers in Arms


You were in the Dungeon.
You worshipped Trog.
Trog was extremely pleased with you.
You visited 1 branch You collected 560 gold pieces.
You spent 230 gold pieces at shops.

Inventory:

Hand Weapons
 a - a +0 falchion of chaos (weapon)
Armour
 b - a +0 animal skin (worn)
Jewellery
 c - the ring of the Princess (left hand) {rPois rCorr Int+5 Dex-2 Slay+6}
   (You bought it in a shop in the Dungeon)

   [ring of resist corrosion]

   Int:       It affects your intelligence (+5).
   Dex:       It affects your dexterity (-2).
   Slay:      It affects your accuracy & damage with ranged weapons and melee
   (+6).
   rPois:     It protects you from poison.
   rCorr:     It protects you from acid and corrosion.
 m - the amulet "Daif" (around neck) {Regen+ Str+2 SInv}
   (You bought it in a shop in the Dungeon)

   [amulet of regeneration]

   Str:       It affects your strength (+2).
   SInv:      It lets you see invisible.
   Regen:     It increases your rate of health regeneration.
 n - the ring "Isheen" (right hand) {rElec rC+}
   (You bought it in a shop in the Dungeon)

   [ring of protection from cold]

   rC:        It protects you from cold.
   rElec:     It insulates you from electricity.
Wands
 j - a wand of light (5) (quivered)
 k - a wand of iceblast (5)
Scrolls
 h - 3 scrolls of blinking
 l - 3 scrolls of fog
Potions
 e - 2 potions of haste
 f - 2 potions of magic
 g - a potion of berserk rage
 i - a potion of resistance


   Skills:
 + Level 10.1 Fighting
 + Level 10.1 Long Blades
 + Level 12.7 Armour
 + Level 8.3 Dodging


You had 9 spell levels left.
You didn't know any spells.
Your spell library was empty.

Dungeon Overview and Level Annotations

Branches:
Dungeon (1/1)

Altars:
Cheibriados
Dithmenos
Fedhas
Gozag
Kikubaaqudgha
Makhleb
Okawaru
Qazlal
Ru
Sif Muna
Trog
Uskayaw
Vehumet
Wu Jian
Xom
Yredelemnul
Zin
The Shining One
Lugonu

Shops:
D *[??*?*:[((!!!!

Annotations:
D Nessos


Innate Abilities, Weirdness & Mutations

You are completely covered in rugged brown scales. (AC +3, +7% HP)
Armour fits poorly on your strangely shaped body.
You have a long armoured tail.
You roll when moving toward enemies. (Rampage)
Your long tongue fully drains potion bottles. (2x potion effects)
Your tongue gives you trouble enunciating. (1.5x scroll delay)
You sometimes lose your temper in combat.
You are clumsy. (Dex -2)
Your body sometimes deteriorates upon taking damage.
You are dopey. (Int -2)
Your magical capacity is low. (-10% MP)
You are weak. (Str -2)


Message History

r - Retreat! s - Stop attacking. g - Guard the area. f - Follow me.
Anything else - Cancel.
Gang up on whom?
Press: ? - help, Dir - move target, f - Nessos
Aim: Nessos, wearing a +0 barding (lightly wounded, fast, unusually agile, ally target) Attack!
You feel sick. Nessos hits you.
* * * LOW HITPOINT WARNING * * *
Nessos kicks you but does no damage.
Your troll bites Nessos!
Your troll claws Nessos.
Your troll claws Nessos!
Nessos hits you but does no damage. Nessos kicks you but does no damage.
Unknown command.
Your magic is already full.
You hit Nessos but do no damage. You tail-slap Nessos.
Nessos is moderately wounded.
You feel sick. Nessos closely misses you. Nessos kicks you but does no damage.
Your troll barely misses Nessos.
Your troll claws Nessos.
Your troll closely misses Nessos.
Nessos casts a spell.
Nessos blinks!
You feel sick.
Nessos wields a +3 longbow of flaming.
It bursts into flame!
Nessos shoots an arrow.
The arrow closely misses you.
Your troll bites Nessos!!
Your troll misses Nessos.
Your troll claws Nessos.
You roll towards Nessos!
You slash Nessos! You freeze Nessos.
Your tail-slap misses Nessos.
Nessos is severely wounded.
Nessos unwields a +3 longbow of flaming.
It stops flaming.
Nessos closely misses you. Nessos kicks you but does no damage.
Your troll closely misses Nessos.
Your troll barely misses Nessos.
Your troll completely misses Nessos.
You closely miss Nessos.
Nessos is severely wounded.
You feel sick.
Nessos casts a spell.
Nessos blinks!
Nessos wields a +3 longbow of flaming.
It bursts into flame!
Nessos shoots an arrow.
The arrow hits you!
* * * LOW HITPOINT WARNING * * *
Your body deteriorates!
You feel weakened. The arrow burns you!
You die...

⌠..........# #.<.# #..........
⌠..........###...###..........
#.............###.............
###∩........8.# #.8........∩##
##∩___......###......___∩##
######.8.........8.######
#⌠........§..⌠#
###[).......### #_...T@.)_#
#_.)...)..# #_.)|...._#
#∩.......∩# ##∩...[.∩##
##..c..## ##⌠⌠⌠## #####


You could see Nessos (fast, agile, ally target) and a friendly troll (summoned,
berserk).

Vanquished Creatures
  A wizard (D)
  3 neqoxecs (D)
  A centaur (D)
  6 orc priests (D)
  2 jellies (D)
  2 orc wizards (D)
  3 orcs (D)
  2 endoplasms (D)
20 creatures vanquished.

Notes
Turn   | Place    | Note
-------+----------+-------------------------------------------
     0 | D        | BigDaddyOpFi the Armataur Berserker began the quest for the
                  | Orb.
     0 | D        | Reached XP level 1. HP: 19/19 MP: 1/1
     3 | D        | Found a glowing golden altar of the Shining One.
     4 | D        | Found an ancient bone altar of Kikubaaqudgha.
     5 | D        | Found a radiant altar of Vehumet.
     5 | D        | Round 1.
     6 | D        | Found a burning altar of Makhleb.
     6 | D        | Found a stormy altar of Qazlal.
     6 | D        | Found Vioc's Identification Station.
     6 | D        | Noticed an orc wizard
     7 | D        | Found Qita's Jewellery.
     7 | D        | Found Mulos's Advanced Armour.
    36 | D        | Killed an orc wizard
    37 | D        | Reached skill level 4 in Armour
    37 | D        | Reached XP level 2. HP: 11/28 MP: 2/2
    38 | D        | Bought a bound jade ring for 45 gold pieces
    38 | D        | Identified the ring of the Princess {rPois rCorr Int+5
                  | Dex-2 Slay+6} (You bought it in a shop in the Dungeon)
    38 | D        | Bought a coiled ruby amulet for 45 gold pieces
    38 | D        | Identified the amulet "Daif" {Regen+ Str+2 SInv} (You
                  | bought it in a shop in the Dungeon)
    38 | D        | Bought a crude brass ring for 45 gold pieces
    38 | D        | Identified the ring "Isheen" {rElec rC+} (You bought it in
                  | a shop in the Dungeon)
    55 | D        | Reached ** piety under Trog
    56 | D        | Reached XP level 3. HP: 14/35 MP: 3/3
   116 | D        | Found a corrupted altar of Lugonu.
   116 | D        | Found Foch's Magic Scroll Shop.
   119 | D        | Reached skill level 5 in Armour
   119 | D        | Found Toutso's Magic Scroll Shop.
   119 | D        | Found Uwnaxoluvi's Must-Have Magic.
   120 | D        | Arena points: 6 (+6) [x1]
   135 | D        | Round 2.
   138 | D        | Found a snail-covered altar of Cheibriados.
   141 | D        | Reached *** piety under Trog
   142 | D        | Reached XP level 4. HP: 43/43 MP: 4/4
   152 | D        | Reached skill level 5 in Fighting
   152 | D        | Reached skill level 5 in Long Blades
   152 | D        | Reached skill level 6 in Armour
   152 | D        | Found a shimmering blue altar of Sif Muna.
   152 | D        | Found an opulent altar of Gozag.
   192 | D        | Found an iron altar of Okawaru.
   192 | D        | Found a hide-covered altar of Uskayaw.
   192 | D        | Found Gessulox's Staff Store.
   196 | D        | Found a shimmering altar of Xom.
   197 | D        | Found a blossoming altar of Fedhas.
   198 | D        | Found an ornate altar of the Wu Jian Council.
   198 | D        | Found Guas's Distillery.
   198 | D        | Arena points: 26 (+20) [x2]
   200 | D        | Found Utoeproe's Distillery.
   200 | D        | Found Alluley's Bottled Wisdom.
   206 | D        | Found a glowing silver altar of Zin.
   206 | D        | Found a basalt altar of Yredelemnul.
   206 | D        | Found a sacrificial altar of Ru.
   206 | D        | Found Luak's Do-It-Yourself Clinic.
   210 | D        | Found a shadowy altar of Dithmenos.
   212 | D        | Found a bloodstained altar of Trog.
   213 | D        | Found Gaonaeng's Weapon Rack.
   213 | D        | Found Hejiecoh's Premium Goods.
   213 | D        | Round 3.
   214 | D        | Found Diast's Basic Armour.
   214 | D        | Found Ladgh's Miscellaneous Merchandise.
   215 | D        | Noticed a neqoxec
   215 | D        | Gained mutation: Your magical capacity is low. (-10% MP) [a
                  | neqoxec]
   223 | D        | Killed a neqoxec
   223 | D        | Reached **** piety under Trog
   224 | D        | Reached skill level 7 in Armour
   224 | D        | Reached XP level 5. HP: 53/53 MP: 4/4
   252 | D        | Noticed a neqoxec
   258 | D        | Gained mutation: Your body sometimes deteriorates upon
                  | taking damage. [a neqoxec]
   261 | D        | Killed a neqoxec
   262 | D        | Reached skill level 8 in Armour
   262 | D        | Reached skill level 5 in Dodging
   262 | D        | Reached XP level 6. HP: 34/62 MP: 5/5
   272 | D        | Noticed a neqoxec
   274 | D        | Gained mutation: You have hidden genetic defects. [a
                  | neqoxec]
   277 | D        | Gained mutation: You sometimes lose your temper in combat.
                  | [a neqoxec]
   281 | D        | Gained mutation: You are weak. (Str -2) [a neqoxec]
   282 | D        | Killed a neqoxec
   283 | D        | Reached skill level 9 in Armour
   286 | D        | Gained mutation: You are clumsy. (Dex -2) [hidden defects]
   372 | D        | Noticed a neqoxec
   379 | D        | Arena points: 38 (+12) [x1]
   393 | D        | Round 4.
   402 | D        | Reached XP level 7. HP: 48/70 MP: 6/6
   429 | D        | Gained mutation: You are dopey. (Int -2) [hidden defects]
   429 | D        | Lost mutation: You have hidden genetic defects. [hidden
                  | defects expressed]
   440 | D        | Reached ***** piety under Trog
   466 | D        | Arena points: 94 (+56) [x2]
   500 | D        | Round 5.
   644 | D        | Noticed a witch
   659 | D        | Noticed an eleionoma
   661 | D        | Noticed a four-headed hydra
   664 | D        | Noticed a four-headed hydra
   667 | D        | Killed a witch
   667 | D        | Arena points: 234 (+140) [x4]
   668 | D        | Reached skill level 11 in Armour
   668 | D        | Reached XP level 8. HP: 83/83 MP: 7/7
   670 | D        | Got a decaying rune of Zot
   684 | D        | Reached skill level 10 in Fighting
   684 | D        | Reached skill level 10 in Long Blades
   684 | D        | Reached skill level 12 in Armour
   684 | D        | Reached XP level 9. HP: 90/90 MP: 8/8
   684 | D        | Reached XP level 10. HP: 99/99 MP: 9/9
   834 | D        | Bought a scroll of brand weapon for 95 gold pieces
   836 | D        | Round 6.
   865 | D        | Noticed Nessos
   879 | D        | HP: 2/99 [Nessos/arrow (15)]
   879 | D        | Shot with an arrow by Nessos

Illustrated notes

Levels and vault maps discovered:
D:        arena_sprint

Skill      XL: |  1  2  3  4  5  6  7  8 |
---------------+-------------------------+-----
Fighting       | 3 4 6 7 9 10 | 10.1
Long Blades    | 3 4 6 7 9 10 | 10.1
Armour         | 4 5 7 8 9 11 12 | 12.7
Dodging        | 2 3 4 5 7 8 |  8.3

Action                     |  1- 3 |  4- 6 |  7- 9 | 10-12 || total
---------------------------+-------+-------+-------+-------++-------
  Melee: Falchion          |    30 |    36 |    42 |     6 ||   114
         Tailslap          |     2 |     3 |     7 |     1 ||    13
         Punch             |       |       |     2 |       ||     2
 Invoke: Berserk           |     2 |     2 |       |       ||     4
         Brothers in Arms  |       |       |       |     1 ||     1
    Use: Potion            |     4 |       |     1 |     3 ||     8
         Scroll            |       |       |       |     2 ||     2
 Armour: Animal skin       |    12 |     3 |     3 |    12 ||    30
  Dodge: Dodged            |     6 |     8 |     8 |    11 ||    33

Table legend: (Time is in decaauts)
 A = Elapsed time spent in this place.
 B = Non-inter-level travel time spent in this place.
 C = Inter-level travel time spent in this place.
 D = Time resting spent in this place.
 E = Time spent auto-exploring this place.
 F = Levels seen in this place.
 G = Mean time per level.
                   A        B        C        D        E       F      G
               +--------+--------+--------+--------+--------+-----+--------+
         Total |    901 |    901 |      0 |    547 |      0 |   1 |  901.0 |
       Dungeon |    901 |    901 |      0 |    547 |      0 |   1 |  901.0 |
               +--------+--------+--------+--------+--------+-----+--------+

Top non-repeatable levels by time:
       D: 901 daAuts
